 Dungeon Crawl Stone Soup version 0.31-a0-232-gb1c03b2570 (webtiles) character file.

Game seed: 2456281095731541123

1071 Decritt the Cutter (level 8, -12/64 HPs)
             Began as a Demonspawn Gladiator on July 7, 2023.
             Mangled by an ogre
             ... wielding a +0 giant spiked club
              (30 damage)
             ... on level 6 of the Dungeon.
             The game lasted 00:08:26 (3815 turns).

Decritt the Cutter (Demonspawn Gladiator)           Turns: 3815, Time: 00:08:26

Health: -12/64     AC:  7    Str: 12    XL:     8   Next: 7%
Magic:  8/8        EV: 14    Int: 11    God:
Gold:   290        SH:  5    Dex: 19    Spells: 7/7 levels left

rFire   + . .        x - +1 falchion (heavy)
rCold   . . .        (no shield)
rNeg    + . .        q - +1 robe of Generosity {Rampage +Blink rPois rN+ Dex+3}
rPois   +            c - +0 helmet
rElec   .            m - +0 cloak
rCorr   .            n - +0 pair of gloves
SInv    .            i - +0 pair of boots
Will    .....        k - amulet of reflection
Stlth   ++           s - ring of protection from fire
HPRegen 0.30/turn    (no ring)
MPRegen 0.11/turn

%: reflection, rampage
@: no status effects
A: powered by death 2, weakness stinger 2, weak 1
a: Evoke Blink


You were on level 6 of the Dungeon.
You visited 1 branch of the dungeon, and saw 6 of its levels.

You collected 290 gold pieces.

Inventory:

Hand Weapons
 a - a +0 rapier
 x - a +1 heavy falchion (weapon)
 y - a +0 falchion
Missiles
 d - 3 throwing nets (quivered)
 e - a javelin
Armour
 b - the +4 chain mail of the Garden {Contam rF+ Str+3}
   (You found it on level 3 of the Dungeon)

   Str:       It affects your strength (+3).
   rF:        It protects you from fire.
   Contam:    It causes magical contamination when unequipped.
 c - a +0 helmet (worn)
 i - a +0 pair of boots (worn)
 m - a +0 cloak (worn)
 n - a +0 pair of gloves (worn)
 q - the +1 robe of Generosity (worn) {Rampage +Blink rPois rN+ Dex+3}
   (You found it on level 3 of the Dungeon)

   Dex:       It affects your dexterity (+3).
   rPois:     It protects you from poison.
   rN:        It protects you from negative energy.
   +Blink:    It lets you blink.
   Rampage:   It bestows one free step when moving towards enemies.
Jewellery
 k - an amulet of reflection (around neck)
 s - a ring of protection from fire (left hand)
Scrolls
 j - a scroll of revelation {unknown}
 o - 2 scrolls of vulnerability {unknown}
 p - a scroll of teleportation
Potions
 f - 2 potions of curing
 g - a potion of might {unknown}
 h - 2 potions of heal wounds
 l - 2 potions of enlightenment
 t - a potion of lignification {unknown}
 u - a potion of mutation {unknown}
 v - a potion of brilliance
 w - 2 potions of berserk rage


   Skills:
 * Level 5.7 Fighting
 * Level 5.7 Short Blades
 - Level 1.7 Throwing
 + Level 3.1 Armour
 + Level 4.3 Dodging


You had 7 spell levels left.
You didn't know any spells.
Your spell library contained the following spells:

 Spells                   Type           Power      Damage    Failure   Level
 Sandblast                Erth           0%         2d4       34%         1
 Shock                    Conj/Air       0%         1d3       34%         1
 Summon Small Mammal      Summ           0%         N/A       34%         1
 Ensorcelled Hibernation  Hex/Ice        0%         N/A       47%         2
 Lesser Beckoning         Tloc           0%         N/A       47%         2
 Passwall                 Tmut/Erth      0%         N/A       47%         2
 Call Canine Familiar     Summ           0%         N/A       71%         3
 Gell's Gravitas          Tloc           0%         N/A       71%         3
 Portal Projectile        Hex/Tloc       0%         N/A       71%         3
 Stone Arrow              Conj/Erth      0%         3d7       71%         3
 Summon Guardian Golem    Hex/Summ       0%         N/A       71%         3
 Swiftness                Air            0%         N/A       71%         3
 Teleport Other           Tloc           0%         N/A       71%         3
 Tukima's Dance           Hex            0%         N/A       71%         3
 Airstrike                Air            0%         2d(0-16)  98%         4
 Blade Hands              Tmut           0%         N/A       100%        5


Dungeon Overview and Level Annotations

Branches:
Dungeon (6/15)
 Temple: D:4-7

Altars:
Cheibriados
Dithmenos

Shops:
D:2 (   D:5 (


Innate Abilities, Weirdness & Mutations

You regenerate health from kills.
You have a tail ending in a sharp stinger.
You are weak. (Str -2)


Message History

Done exploring.
(D) Dungeon
Where to? (Enter - D:5, ? - help)
There is a stone staircase leading down here.
You climb downwards.
There is a stone staircase leading up here.
A hound is nearby!
You rampage towards the hound!
You rampage towards the hound!
The hound bites you but does no damage.
You slice the hound!!
You kill the hound!
No target in view!
No target in view!
There is a stone staircase leading up here.
An ogre comes into view. It is wielding a +0 giant club.
Found a scroll of identify.
Found a stone staircase leading down.
The ogre shouts!
You hear a shout!
You slice the ogre!!
Your tail-slap misses the ogre.
The ogre is severely wounded.
The ogre hits you with a +0 giant club.
An ogre comes into view. It is wielding a +0 giant spiked club.
You closely miss the ogre.
The ogre is severely wounded.
The ogre hits you with a +0 giant club.
You barely miss the ogre. You tail-slap the ogre.
The ogre is almost dead.
The ogre hits you with a +0 giant club!!
The ogre closely misses you.
You hit the ogre.
You kill the ogre!
The ogre closely misses you.
You have reached level 8!
You feel clever.
You slash the ogre!
The ogre is moderately wounded.
The ogre hits you with a +0 giant spiked club!!
* * * LOW HITPOINT WARNING * * *
The ogre attacks as you move away!
The ogre hits you with a +0 giant spiked club!!
You die...

#..........###.#
#########<.....#
##...##....
##..........
#....###...
#...#.......
####......#....
#..............
#.####@....... #
#.O......
#..)...#...
###........
.........
.....#...
...>..#?..
....... ..
......###


You could see an ogre.

Vanquished Creatures
  Sigmund (D:4)
  An ice beast (D:5)
  2 ogres
  2 scorpions
  A gnoll sergeant (D:5)
  A bullfrog (D:5)
  A howler monkey (D:5)
  3 hounds
  An orc priest (D:5)
  An iguana (D:4)
  An orc wizard (D:5)
  Robin (D:2)
  2 gnolls (D:5)
  8 adders
  A white imp (D:5)
  A worm (D:4)
  3 dart slugs
  11 orcs
  5 ball pythons
  6 endoplasms
  A giant cockroach (D:1)
  10 goblins
  9 hobgoblins
  4 jackals (D:4)
  3 kobolds
  3 quokkas
  9 bats
  5 frilled lizards
  9 rats
106 creatures vanquished.

Vanquished Creatures (others)
  A gnoll (D:5)
1 creature vanquished.

Grand Total: 107 creatures vanquished

Notes
Turn   | Place    | Note
-------+----------+-------------------------------------------
     0 | D:1      | Decritt the Demonspawn Gladiator began the quest for the
                  | Orb.
     0 | D:1      | Reached XP level 1. HP: 16/16 MP: 1/1
   145 | D:1      | Gained mutation: You regenerate a little health from kills.
                  | [demonic ancestry]
   145 | D:1      | Reached XP level 2. HP: 17/22 MP: 2/2
   671 | D:1      | Found a faded altar of an unknown god.
   730 | D:2      | Discovered your monstrous ancestry.
   730 | D:2      | Gained mutation: You have a small tail. [demonic ancestry]
   730 | D:2      | Reached XP level 3. HP: 22/28 MP: 3/3
   960 | D:2      | Found a shadowy altar of Dithmenos.
  1035 | D:2      | Found Aczeh's Weapon Shop.
  1101 | D:2      | Noticed Robin
  1119 | D:2      | Killed Robin
  1120 | D:2      | Reached skill level 1 in Armour
  1282 | D:2      | Gained mutation: You have a tail ending in a sharp stinger.
                  | [demonic ancestry]
  1282 | D:2      | Reached XP level 4. HP: 29/34 MP: 4/4
  1517 | D:3      | Identified the +1 robe of Generosity {Rampage +Blink rPois
                  | rN+ Dex+3}
  1718 | D:3      | Found a snail-covered altar of Cheibriados.
  1799 | D:3      | Identified the +4 chain mail of the Garden {Contam rF+
                  | Str+3}
  1837 | D:3      | Gained mutation: You are weak. (Str -2) [mutagenic glow]
  2293 | D:4      | Identified the +1 whip "Gochur" {venom, rF+}
  2355 | D:4      | Noticed a scorpion
  2365 | D:4      | Killed a scorpion
  2366 | D:4      | Reached XP level 5. HP: 40/41 MP: 5/5
  2413 | D:4      | Identified the +0 robe of the Shining Light {Will+ Dex+2
                  | Slay-5}
  2582 | D:4      | Gained mutation: You regenerate health from kills. [demonic
                  | ancestry]
  2582 | D:4      | Reached XP level 6. HP: 48/48 MP: 6/6
  2620 | D:4      | Noticed Sigmund
  2632 | D:4      | Killed Sigmund
  2822 | D:5      | Entered Level 5 of the Dungeon
  2884 | D:5      | Reached XP level 7. HP: 17/55 MP: 7/7
  2949 | D:5      | Reached skill level 5 in Short Blades
  3267 | D:5      | Found Guycokk's Antique Weapon Shop.
  3301 | D:5      | Reached skill level 5 in Fighting
  3813 | D:6      | Reached XP level 8. HP: 38/64 MP: 8/8
  3815 | D:6      | Mangled by an ogre

Illustrated notes

Levels and vault maps discovered:
D:1:      lightli_arrival_chessboard, layout_basic,
          shapermc_ecumenical_altar_hornbeckon
D:2:      layout_loops_ring, basic_altar, serial_shops,
          nicolae_shop_tiny_statue_garden, st_stairs_7, uniq_robin
D:3:      layout_rooms, old_standard_altar, roderic_serpentine_path,
          dreamdust_wishing_well, minivault_5, minmay_misc_feat_ornament,
          roderic_cross_of_infinity
D:4:      layout_rooms, uniq_sigmund
D:5:      layout_loops_ring, serial_shops, nicolae_take_the_stairs,
          minmay_diced_spiral
D:6:      layout_rooms, lemuel_tele_altar, mainiacjoe_overflow_alcove_4,
          uniq_edmund

Skill      XL: |  1  2  3  4  5  6  7 |
---------------+----------------------+-----
Short Blades   | 3 4 5 |  5.7
Armour         | 1 2 3 |  3.1
Dodging        | 3 4 |  4.3
Fighting       | 3 4 5 |  5.7
Throwing       | |  1.7

Action                     |  1- 3 |  4- 6 |  7- 9 || total
---------------------------+-------+-------+-------++-------
  Melee: Rapier            |   157 |   174 |    31 ||   362
         Punch             |     2 |     1 |     7 ||    10
         Tailslap          |     6 |    18 |    15 ||    39
         Falchion          |       |       |    84 ||    84
    Use: Scroll            |       |       |     7 ||     7
   Stab: Sleeping          |     2 |     4 |       ||     6
 Armour: Leather armour    |    48 |    12 |       ||    60
         Robe              |       |    41 |    43 ||    84
  Dodge: Dodged            |   135 |   117 |    71 ||   323
  Block: Other             |    11 |    37 |    33 ||    81
         Reflection        |       |     1 |     1 ||     2

Table legend: (Time is in decaauts)
 A = Elapsed time spent in this place.
 B = Non-inter-level travel time spent in this place.
 C = Inter-level travel time spent in this place.
 D = Time resting spent in this place.
 E = Time spent auto-exploring this place.
 F = Levels seen in this place.
 G = Mean time per level.
                   A        B        C        D        E       F      G
               +--------+--------+--------+--------+--------+-----+--------+
         Total |   3838 |   3649 |    189 |     58 |   2646 |   6 |  639.7 |
       Dungeon |   3838 |   3649 |    189 |     58 |   2646 |   6 |  639.7 |
               +--------+--------+--------+--------+--------+-----+--------+

Top non-repeatable levels by time:
     D:5: 977 daAuts
     D:3: 793 daAuts
     D:2: 793 daAuts
     D:1: 716 daAuts
     D:4: 531 daAuts
     D:6: 26 daAuts
